 Dungeon Crawl Stone Soup version 0.30.0-15-g856e2d3f33 (webtiles) character file.

Game seed: 18058777646859182426

130829 qw the Peltast (level 17, -4/106 HPs)
             Began as a Gargoyle Cinder Acolyte on May 18, 2023.
             Was a Priest of Okawaru.
             Killed from afar by a lindwurm (29 damage)
             ... with a blast of flame
             ... summoned by Kirke
             ... on level 1 of the Swamp.
             The game lasted 00:19:03 (32925 turns).

qw the Peltast (Gargoyle Cinder Acolyte)           Turns: 32925, Time: 00:19:04

Health: -4/106     AC:  0    Str: 25    XL:     17   Next: 8%
Magic:  24/24      EV: 12    Int: 16    God:    Okawaru [***...]
Gold:   937        SH:  5    Dex:  5    Spells: 18/18 levels left

rFire   . . .        Y - melded +4 broad axe (venom)
rCold   . . .        E - melded +0 tower shield
rNeg    + . .        d - melded +2 plate armour {rC+}
rPois   inf          p - melded +2 helmet
rElec   .            s - melded +2 cloak
rCorr   .            k - melded +2 pair of gloves
SInv    .            (boots currently unavailable)
Will    +....        l - amulet of reflection
Stlth   ++           t - melded +6 ring of dexterity
HPRegen 0.37/turn    u - melded ring of willpower
MPRegen 0.19/turn

%: reflection
@: about to teleport, pig-form, heroic, grasped by roots, constricted, very
quick
A: fast, no casting, sickness immunity, AC +12, small, (big wings), negative
energy resistance 1, (electricity resistance), torment resistance 1,
petrification resistance, (talons 1), (iridescent scales 1)
a: Renounce Religion, Heroism


You were on level 1 of the Swamp.
You worshipped Okawaru.
Okawaru was most pleased with you.
You were a filthy swine.
You visited 6 branches of the dungeon, and saw 27 of its levels.
You also visited: Sewer.

You collected 2615 gold pieces.
You spent 1678 gold pieces at shops.


Innate Abilities, Weirdness & Mutations

You are a filthy swine.
You move quickly.
Your equipment is almost entirely melded.
You are incapable of wielding weapons or throwing items.
You cannot cast spells.
You are immune to sickness and miasma.
((Your stone body is resilient. (AC +12)))
You are immune to poison.
((Your large and strong wings let you fly.))
You resist negative energy. (rN+)
((You are resistant to electric shocks. (rElec)))
You are resistant to unholy torment.
You are immune to petrification.
((You have sharp toenails.))
((You are partially covered in iridescent scales. (AC +2)))


   Skills:
 - Level 12.1(17.1) Fighting
 + Level 16.8(21.8) Axes
 - Level 5.7(10.7) Throwing
 - Level 12.0(17.0) Armour
 - Level 3.0(8.0) Dodging
 - Level 17.0(22.0) Shields
 - Level 1.0 Spellcasting
 - Level 3.0 Fire Magic
 - Level 10.0 Invocations


You had 18 spell levels left.
You didn't know any spells.
Your spell library contained the following spells:

 Spells                   Type           Power      Damage    Failure   Level
 Scorch                   Fire           20%        2d5       10%         2

Inventory:

Hand Weapons
 i - a -1 hand axe of flaming
 Y - a +4 broad axe of venom (melded)
Missiles
 b - 6 boomerangs (quivered)
Armour
 d - a +2 plate armour of cold resistance (melded)
 k - a +2 pair of gloves (melded)
 p - a +2 helmet (melded)
 s - a +2 cloak (melded)
 E - a +0 tower shield (melded)
Jewellery
 e - a ring of protection from cold
 l - an amulet of reflection (around neck)
 m - a ring of fire
 r - an amulet of the acrobat
 t - a +6 ring of dexterity (melded)
 u - a ring of willpower (melded)
Wands
 n - a wand of digging (10)
Scrolls
 a - 15 scrolls of identify
 v - 11 scrolls of teleportation
Potions
 c - a potion of cancellation
 f - 3 potions of haste
 g - 3 potions of resistance
 h - 20 potions of curing
 j - 8 potions of might
 o - 5 potions of mutation
 q - a potion of magic

Dungeon Overview and Level Annotations

Branches:
Dungeon (15/15)            Temple (1/1) D:7            Lair (5/5) D:9
  Swamp (1/4) Lair:3       Spider (3/4) Lair:3        Slime (0/5) Lair:5
    Orc (2/2) D:9             Elf (0/3) Orc:2        Vaults (0/5) D:14
 Depths (0/4) D:15          Sewer (visited)

Altars:
Ashenzari
Cheibriados
Dithmenos
Elyvilon
Fedhas
Gozag
Hepliaklqana
Kikubaaqudgha
Makhleb
Nemelex Xobeh
Okawaru
Qazlal
Ru
Sif Muna
Trog
Uskayaw
Vehumet
Wu Jian
Xom
Yredelemnul
Zin
The Shining One
Jiyva

Shops:
D:1 [   D:3 *   D:12 !   Orc:1 ?   Orc:2 (?:!

Portals:
Trove: D:14 (give 19 potions of curing)

Annotations:
D:5 1 runed translucent door, Crazy Yiuf
D:11 2 runed translucent doors
Lair:1 1 runed translucent door, qw's ghost, journeyman GrCA
Lair:5 2 transporters, 2 runed translucent doors, qw's ghost, journeyman GrCA
Swamp:1 Kirke


Message History

The hog dies!
32920 ||| DRINKING 4 potions of heal wounds.
You feel much better. The lindwurm closely misses you. The lindwurm claws you!
The lindwurm claws you. Kirke hits you. The shambling mangrove hits you!
The spriggan rider closely misses you.
32921 ||| DRINKING 3 potions of heal wounds.
You feel much better.
Your surroundings seem slightly different.
Splash!
You fall into the shallow water.
Moving in this stuff is going to be slow.
The lindwurm breathes flames at you. The blast of flame hits you!!!
32922 ||| READING 13 scrolls of teleportation.
As you read the scroll of teleportation, it crumbles to dust.
You feel strangely unstable.
You are engulfed in a cloud of scalding steam.
You hear a splash. x3
The spriggan dies!
32923 ||| DRINKING 2 potions of heal wounds.
You feel much better.
You are engulfed in a cloud of scalding steam.
The hog bites you.
The shambling mangrove completely misses you.
32924 ||| DRINKING potion of heal wounds.
You feel much better.
You are engulfed in a cloud of scalding steam.
Your surroundings seem slightly different.
Found a helmet.
Roots burst forth from the earth!
The grasping roots grab you! The grasping roots constrict you!
The hornet stings the fungus!
The fungus begins to die.
The fungus is poisoned.
32925 ||| READING 12 scrolls of teleportation.
As you read the scroll of teleportation, it crumbles to dust.
You feel strangely unstable.
The hornet seems less confused.
The lindwurm breathes flames at you.
The blast of flame hits the fungus!!
The blast of flame hits you!!
You die...

~~77.7.~7...777..~~~~
~.7..~"~~¤~777~.~.~..7
~......~~.¤.@>~.~~¤..
7~~~~~..~.~f)$~....~7
~~~..~.~~.~.hk..~.¤~7
...~~.~~~....hPy....7
77~~.~~.Pk~¤.P..77
7~~~.~.P¤.~¤.).77
7.~~.$P.~~~~h...7
7~.~~.P.~~~~~~..7
~~~..~.¤h~~~?.7
~.P~.~.~P.77
........P.7
7¤.......77 ~.~..[..77
77.~~~~..


You could see Kirke, a shambling mangrove, a lindwurm (summoned, catching
breath), 3 hogs, a hornet (poisoned) and a swamp drake.

Vanquished Creatures
  Arachne (Spider:3)
  Jorgrun (Spider:1)
  A thorn hunter (Swamp:1)
  Gastronok (Lair:3)
  Roxanne (D:14)
  A ghost moth (Spider:2)
  An orc warlord (Orc:1)
  A stone giant (D:15)
  2 broodmothers (Spider:3)
  An eleionoma (Swamp:1)
  4 spark wasps
  A bunyip (Swamp:1)
  An ettin (Orc:2)
  A yaktaur captain (D:15)
  3 entropy weavers
  Josephine (Lair:4)
  Fannar (Lair:3)
  6 hydras
  4 vault guards (D:14)
  A radroach (Spider:1)
  3 alligators (Swamp:1)
  A death knight (D:15)
  17 two-headed ogres
  4 centaur warriors
  Erica (D:9)
  5 death yaks
  3 ogre magi
  7 boulder beetles
  2 tengu warriors (D:15)
  Urug (Lair:5)
  Sonja (D:12)
  Nergalle (D:12)
  A fire crab (Lair:5)
  2 deep trolls (Orc:2)
  3 skysharks
  4 pharaoh ants
  An orb spider (Lair:3)
  A wizard (D:15)
  4 steelbarb worms
  3 orc knights
  A necromancer (Lair:5)
  A will-o-the-wisp (Swamp:1)
  A deep elf pyromancer (D:15)
  An oklob plant (Lair:3)
  6 wolf spiders
  8 ugly things
  An orc sorcerer (D:14)
  2 manticores
  6 cyclopes
  4 black mambas
  4 elephants (Lair:2)
  3 molten gargoyles (Lair:5)
  2 gargoyles (D:12)
  2 ice statues (D:15)
  An unseen horror (D:13)
  4 torpor snails
  4 demonic crawlers
  2 rime drakes
  11 cane toads
  An efreet (D:15)
  13 komodo dragons
  A tengu conjurer (D:14)
  3 kobold demonologists (D:12)
  2 freezing wraiths (D:15)
  9 trolls
  3 polar bears
  3 meliai (D:13)
  Prince Ribbit (D:5)
  3 tyrant leeches (Swamp:1)
  A hornet (D:8)
  4 dream sheep (Lair:5)
  17 tarantellas
  14 blink frogs
  12 slime creatures
  7 culicivoras
  3 shadows
  9 jumping spiders
  2 water elementals (D:15)
  37 yaks
  6 wraiths
  4 wyverns
  A human (shapeshifter) (D:14)
  8 basilisks
  A basilisk (shapeshifter) (D:14)
  15 fire elementals
  2 humans (D:14)
  A hog (Swamp:1)
  15 vampire mosquitoes
  3 fire bats (Lair:1)
  Eustachio (D:5)
  2 redbacks (shapeshifter) (D:13)
  4 steam dragons
  14 redbacks
  A swamp worm (Swamp:1)
  3 acid dragons
  Edmund (D:5)
  16 water moccasins
  Duvessa (D:6)
  A black bear (shapeshifter) (D:15)
  4 hell hounds (Lair:5)
  2 sky beasts
  16 orc warriors
  Pargi (Sewer)
  4 ice beasts
  19 wolves
  21 ogres
  7 centaurs
  A phantom (D:5)
  4 kobold brigands
  9 bullfrogs
  3 gnoll sergeants
  6 scorpions
  14 wights
  Dowan (D:6)
  7 howler monkeys
  8 lava snakes
  12 orc priests
  2 gnoll boudas
  2 jellies (D:5)
  5 hounds
  2 iguanas
  A sleepcap (D:2)
  29 orc wizards
  5 polar bear simulacra (Lair:5)
  4 yak simulacra (Lair:5)
  A wolf simulacrum (Lair:5)
  9 adders
  31 gnolls
  3 white imps
  An ufetubus (D:6)
  2 worms
  4 dart slugs
  92 orcs
  3 bats
  9 endoplasms
  6 giant cockroaches
  22 goblins
  8 hobgoblins
  A jackal (Sewer)
  5 quokkas
  7 ball pythons
  7 frilled lizards
  24 kobolds
  7 rats
  A river rat simulacrum (Lair:5)
  A butterfly (Lair:2)
841 creatures vanquished.

Vanquished Creatures (others)
  A spriggan (Swamp:1)
  A hog (Swamp:1)
  8 foxfires (Swamp:1)
10 creatures vanquished.

Grand Total: 851 creatures vanquished

Notes
Turn   | Place    | Note
-------+----------+-------------------------------------------
     0 | D:1      | qw the Gargoyle Cinder Acolyte began the quest for the Orb.
     0 | D:1      | Reached XP level 1. HP: 14/14 MP: 2/2
     0 | D:1      | 0 ||| qw: Version: 0.2-a-95-gc95f03d
     0 | D:1      | 0 ||| qw: Game counter: 15
     0 | D:1      | 0 ||| qw: Always use a shield: true
     0 | D:1      | 0 ||| qw: God list: Okawaru
     0 | D:1      | 0 ||| qw: Allow faded altars: false
     0 | D:1      | 0 ||| qw: Do Orc after D:15 true
     0 | D:1      | 0 ||| qw: Do second Lair branch before Depths: true
     0 | D:1      | 0 ||| qw: Lair rune preference: random
     0 | D:1      | 0 ||| qw: Plans: Normal
     0 | D:1      | 0 ||| PLANNING D:1-11
    99 | D:1      | Reached skill level 3 in Axes
   223 | D:1      | Reached XP level 2. HP: 15/19 MP: 3/3
   282 | D:1      | Found Pukhiqat's Antique Armour Shop.
   285 | D:1      | 285 ||| SHOPLISTING chain mail (139 gold, have 42).
   285 | D:1      | 285 ||| SHOPLISTING crystal plate armour (2480 gold, have
                  | 42).
   285 | D:1      | 285 ||| SHOPLISTING helmet (139 gold, have 42).
   285 | D:1      | 285 ||| SHOPLISTING pair of gloves (139 gold, have 42).
   285 | D:1      | 285 ||| SHOPLISTING runed cloak (232 gold, have 42).
   285 | D:1      | 285 ||| SHOPLISTING shiny chain mail (232 gold, have 42).
   285 | D:1      | 285 ||| SHOPLISTING smoking scale mail (279 gold, have 42).
   676 | D:1      | 676 ||| Stepping ~*~*~tactically~*~*~ (stealth).
  1133 | D:1      | 1133 ||| UPGRADING to +0 ring mail.
  1143 | D:1      | 1143 ||| DROPPING +0 robe.
  1144 | D:1      | 1144 ||| READING scroll labelled HOEPABE KICAOM.
  1145 | D:1      | 1145 ||| READING scroll labelled BEUDEAN GAAWK.
  1254 | D:2      | 1254 ||| SWAPPING to +0 war axe.
  1257 | D:2      | Reached XP level 3. HP: 23/23 MP: 4/4
  1291 | D:2      | 1291 ||| Stepping ~*~*~tactically~*~*~ (stealth).
  1292 | D:2      | 1292 ||| Stepping ~*~*~tactically~*~*~ (stealth).
  1293 | D:2      | 1293 ||| Stepping ~*~*~tactically~*~*~ (stealth).
  1341 | D:2      | Reached XP level 4. HP: 26/28 MP: 5/5
  1349 | D:2      | 1349 ||| Stepping ~*~*~tactically~*~*~ (stealth).
  1354 | D:2      | 1354 ||| Stepping ~*~*~tactically~*~*~ (stealth).
  1375 | D:2      | Reached skill level 1 in Armour
  1492 | D:2      | Found a faded altar of an unknown god.
  1571 | D:2      | 1571 ||| Stepping ~*~*~tactically~*~*~ (stealth).
  1572 | D:2      | 1572 ||| Stepping ~*~*~tactically~*~*~ (stealth).
  1675 | D:2      | HP: 7/28 [worm (9)]
  1676 | D:2      | 1676 ||| INVOKING Fiery Armour.
  2014 | D:2      | 2014 ||| Stepping ~*~*~tactically~*~*~ (stealth).
  2318 | D:2      | 2318 ||| UPGRADING to ring of willpower.
  2319 | D:2      | 2319 ||| READING scroll labelled PUTHRA ZEHIYRI.
  2320 | D:2      | 2320 ||| READING scroll labelled CABIAPP OFIUDGH.
  2321 | D:2      | 2321 ||| READING scroll labelled GECAM ECSYU.
  2322 | D:2      | 2322 ||| READING scroll labelled FIUPRE OXTUCEU.
  2327 | D:2      | 2327 ||| DRINKING 2 orange potions.
  2328 | D:2      | 2328 ||| DRINKING 2 bubbling purple potions.
  2539 | D:3      | 2539 ||| Stepping ~*~*~tactically~*~*~ (stealth).
  2540 | D:3      | 2540 ||| Stepping ~*~*~tactically~*~*~ (stealth).
  2588 | D:3      | Found a shimmering blue altar of Sif Muna.
  2942 | D:3      | Found an ornate altar of the Wu Jian Council.
  2944 | D:3      | 2944 ||| Stepping ~*~*~tactically~*~*~ (hiding).
  2954 | D:3      | Reached XP level 5. HP: 28/32 MP: 6/6
  3006 | D:3      | HP: 6/32 [something/puff of flame (4)]
  3012 | D:3      | HP: 5/32 [something/magic dart (3)]
  3014 | D:3      | 3014 ||| DRINKING potion of heal wounds.
  3106 | D:3      | Found Karghool's Assorted Antiques.
  3148 | D:3      | 3148 ||| BUYING chain mail (108 gold).
  3148 | D:3      | Bought a chain mail for 108 gold pieces
  3148 | D:3      | 3148 ||| BUYING metallic grey potion (21 gold).
  3148 | D:3      | Bought a metallic grey potion for 21 gold pieces
  3148 | D:3      | 3148 ||| SHOPLISTING pair of masterwork boots (228 gold,
                  | have 52).
  3148 | D:3      | 3148 ||| SHOPLISTING potion of curing (72 gold, have 52).
  3148 | D:3      | 3148 ||| SHOPLISTING potion of heal wounds (120 gold, have
                  | 52).
  3148 | D:3      | 3148 ||| BUYING scroll labelled APEOCZ UGRIEGE (24 gold).
  3148 | D:3      | Bought a scroll labelled APEOCZ UGRIEGE for 24 gold pieces
  3148 | D:3      | 3148 ||| SHOPLISTING scroll of teleportation (72 gold, have
                  | 28).
  3148 | D:3      | 3148 ||| UPGRADING to +0 chain mail.
  3158 | D:3      | 3158 ||| DROPPING +0 ring mail.
  3159 | D:3      | 3159 ||| UPGRADING to +1 helmet.
  3164 | D:3      | 3164 ||| READING 2 scrolls labelled APEOCZ UGRIEGE.
  3165 | D:3      | 3165 ||| READING scroll labelled KUGREM TONWE.
  3166 | D:3      | 3166 ||| DRINKING 2 metallic grey potions.
  3167 | D:3      | 3167 ||| DRINKING 2 sedimented pink potions.
  3167 | D:3      | Gained mutation: You are partially covered in iridescent
                  | scales. (AC +2) [potion of mutation]
  3167 | D:3      | Gained mutation: You have sharp toenails. [potion of
                  | mutation]
  3168 | D:3      | 3168 ||| READING 2 scrolls of identify.
  3168 | D:3      | 3168 ||| IDENTIFYING coppery potion
  3169 | D:3      | 3169 ||| DROPPING scroll of blinking.
  3170 | D:3      | 3170 ||| DROPPING potion of attraction.
  3171 | D:3      | 3171 ||| DROPPING potion of berserk rage.
  3391 | D:4      | Reached XP level 6. HP: 39/39 MP: 7/7
  3395 | D:4      | 3395 ||| Stepping ~*~*~tactically~*~*~ (hiding).
  3396 | D:4      | 3396 ||| Stepping ~*~*~tactically~*~*~ (hiding).
  3520 | D:4      | 3520 ||| Stepping ~*~*~tactically~*~*~ (stealth).
  3543 | D:4      | 3543 ||| Stepping ~*~*~tactically~*~*~ (stealth).
  3544 | D:4      | 3544 ||| Stepping ~*~*~tactically~*~*~ (stealth).
  3546 | D:4      | 3546 ||| Stepping ~*~*~tactically~*~*~ (hiding).
  3635 | D:4      | 3635 ||| Stepping ~*~*~tactically~*~*~ (stealth).
  3636 | D:4      | 3636 ||| INVOKING Fiery Armour.
  3783 | D:4      | 3783 ||| INVOKING Fiery Armour.
  3880 | D:4      | 3880 ||| Stepping ~*~*~tactically~*~*~ (stealth).
  3890 | D:4      | Reached skill level 6 in Axes
  4032 | D:4      | 4032 ||| UPGRADING to +0 plate armour of cold resistance.
  4042 | D:4      | 4042 ||| DROPPING +0 chain mail.
  4043 | D:4      | 4043 ||| READING scroll labelled IBALUKLACA.
  4044 | D:4      | 4044 ||| DRINKING 2 clear potions.
  4045 | D:4      | 4045 ||| DROPPING potion of brilliance.
  4060 | D:5      | Entered Level 5 of the Dungeon
  4072 | D:5      | Noticed Prince Ribbit
  4082 | D:5      | 4082 ||| INVOKING Fiery Armour.
  4098 | D:5      | Killed Prince Ribbit
  4099 | D:5      | Reached XP level 7. HP: 17/44 MP: 8/8
  4239 | D:5      | 4239 ||| Stepping ~*~*~tactically~*~*~ (hiding).
  4439 | D:5      | 4439 ||| Stepping ~*~*~tactically~*~*~ (hiding).
  4440 | D:5      | 4440 ||| Stepping ~*~*~tactically~*~*~ (hiding).
  4443 | D:5      | 4443 ||| Stepping ~*~*~tactically~*~*~ (hiding).
  4459 | D:5      | 4459 ||| INVOKING Fiery Armour.
  4461 | D:5      | 4461 ||| Stepping ~*~*~tactically~*~*~ (hiding).
  4473 | D:5      | Reached XP level 8. HP: 27/48 MP: 9/9
  4782 | D:5      | Noticed Edmund
  4789 | D:5      | Noticed Eustachio
  4793 | D:5      | 4793 ||| INVOKING Fiery Armour.
  4796 | D:5      | Killed Edmund
  4870 | D:5      | Killed Eustachio
  4966 | D:5      | 4966 ||| READING scroll of enchant armour.
  4966 | D:5      | 4966 ||| ENCHANTING +1 helmet.
  5239 | D:5      | Found a runed translucent door.
  5240 | D:5      | Noticed Crazy Yiuf
  5353 | D:5      | 5353 ||| Stepping ~*~*~tactically~*~*~ (hiding).
  5809 | D:5      | 5809 ||| UPGRADING to +0 pair of gloves.
  5814 | D:5      | 5814 ||| UPGRADING to amulet of regeneration.
  5819 | D:5      | 5819 ||| READING scroll labelled GEADOS IPRUR.
  5828 | D:5      | 5828 ||| DRINKING 2 red potions.
  5829 | D:5      | 5829 ||| READING 3 scrolls of identify.
  5829 | D:5      | 5829 ||| IDENTIFYING fuming pink potion
  5830 | D:5      | 5830 ||| READING 2 scrolls of identify.
  5830 | D:5      | 5830 ||| IDENTIFYING silvery potion
  5831 | D:5      | 5831 ||| DROPPING potion of degeneration.
  5866 | D:6      | 5866 ||| PLANNING SEWER
  5921 | D:6      | 5921 ||| READING scroll of enchant armour.
  5921 | D:6      | 5921 ||| ENCHANTING +0 pair of gloves.
  6025 | D:6      | 6025 ||| Stepping ~*~*~tactically~*~*~ (stealth).
  6037 | D:6      | Reached skill level 6 in Fighting
  6098 | D:6      | Reached XP level 9. HP: 55/55 MP: 10/10
  6147 | D:6      | 6147 ||| Stepping ~*~*~tactically~*~*~ (stealth).
  6148 | D:6      | 6148 ||| Stepping ~*~*~tactically~*~*~ (stealth).
  6164 | D:6      | Reached skill level 9 in Axes
  6175 | D:6      | Found a basalt altar of Yredelemnul.
  6302 | D:6      | Found a glowing drain.
  6312 | D:6      | Reached skill level 6 in Armour
  6314 | D:6      | 6314 ||| DROPPING amulet of magic regeneration.
  6315 | D:6      | 6315 ||| UPGRADING to amulet of reflection.
  6325 | D:6      | 6325 ||| DROPPING amulet of regeneration.
  6326 | D:6      | 6326 ||| READING 2 scrolls of identify.
  6326 | D:6      | 6326 ||| IDENTIFYING sedimented clear potion
  6342 | Sewer    | Entered a sewer
  6364 | Sewer    | 6364 ||| READING scroll of enchant armour.
  6364 | Sewer    | 6364 ||| ENCHANTING +1 pair of gloves.
  6395 | Sewer    | Noticed Pargi
  6419 | Sewer    | Killed Pargi
  6456 | Sewer    | 6456 ||| DRINKING 2 purple potions.
  6457 | Sewer    | 6457 ||| READING 2 scrolls of identify.
  6457 | Sewer    | 6457 ||| IDENTIFYING white potion
  6458 | Sewer    | 6458 ||| DROPPING potion of magic.
  6459 | Sewer    | 6459 ||| DROPPING potion of invisibility.
  6477 | D:6      | 6477 ||| PLANNING D:1-11
  6508 | D:6      | 6508 ||| Stepping ~*~*~tactically~*~*~ (hiding).
  6509 | D:6      | 6509 ||| Stepping ~*~*~tactically~*~*~ (hiding).
  6558 | D:6      | Noticed Duvessa
  6570 | D:6      | Killed Duvessa
  6571 | D:6      | Noticed Dowan
  6572 | D:6      | 6572 ||| Stepping ~*~*~tactically~*~*~ (stealth).
  6579 | D:6      | Killed Dowan
  6802 | D:6      | 6802 ||| DROPPING scarf of shadows.
  6825 | D:7      | 6825 ||| INVOKING Fiery Armour.
  6826 | D:7      | 6826 ||| STAIRDANCE
  6967 | D:7      | 6967 ||| INVOKING Fiery Armour.
  7030 | D:7      | 7030 ||| Stepping ~*~*~tactically~*~*~ (hiding).
  7084 | D:7      | 7084 ||| Stepping ~*~*~tactically~*~*~ (stealth).
  7089 | D:7      | 7089 ||| Stepping ~*~*~tactically~*~*~ (stealth).
  7104 | D:7      | 7104 ||| Stepping ~*~*~tactically~*~*~ (stealth).
  7111 | D:7      | 7111 ||| Stepping ~*~*~tactically~*~*~ (stealth).
  7130 | D:7      | Reached XP level 10. HP: 54/63 MP: 11/11
  7130 | D:7      | 7130 ||| Stepping ~*~*~tactically~*~*~ (hiding).
  7247 | D:7      | Found a staircase to the Ecumenical Temple.
  7434 | D:7      | 7434 ||| UPGRADING to +0 buckler.
  7439 | D:7      | 7439 ||| DROPPING +1 helmet.
  7440 | D:7      | 7440 ||| UPGRADING to +0 cloak.
  7445 | D:7      | 7445 ||| READING 3 scrolls of identify.
  7445 | D:7      | 7445 ||| IDENTIFYING sedimented sapphire potion
  7446 | D:7      | 7446 ||| DROPPING potion of ambrosia.
  7603 | D:8      | Reached skill level 2 in Shields
  7742 | D:8      | 7742 ||| Stepping ~*~*~tactically~*~*~ (stealth).
  7804 | D:8      | Reached skill level 3 in Shields
  7816 | D:8      | Found a flagged portal.
  7861 | D:8      | Reached skill level 1 in Throwing
  8469 | D:9      | Found a glowing silver altar of Zin.
  8491 | D:9      | 8491 ||| READING scroll labelled TOTUVE VOOM.
  8492 | D:9      | 8492 ||| Stepping randomly (disturbance).
  8534 | D:9      | Reached skill level 4 in Shields
  8571 | D:9      | Noticed a death yak
  8572 | D:9      | 8572 ||| Stepping ~*~*~tactically~*~*~ (hiding).
  8600 | D:9      | 8600 ||| INVOKING Fiery Armour.
  8604 | D:9      | Reached skill level 5 in Shields
  8754 | D:9      | Found a staircase to the Lair.
  8767 | D:9      | 8767 ||| INVOKING Fiery Armour.
  8783 | D:9      | Killed a death yak
  8811 | D:9      | 8811 ||| Stepping ~*~*~tactically~*~*~ (hiding).
  8826 | D:9      | 8826 ||| DRINKING 3 potions of curing.
  8826 | D:9      | 8826 ||| (to cure confusion)
  8889 | D:9      | 8889 ||| Stepping ~*~*~tactically~*~*~ (hiding).
  8909 | D:9      | Found a staircase to the Orcish Mines.
  8913 | D:9      | 8913 ||| Stepping ~*~*~tactically~*~*~ (stealth).
  8914 | D:9      | 8914 ||| Stepping ~*~*~tactically~*~*~ (stealth).
  9008 | D:9      | 9008 ||| INVOKING Fiery Armour.
  9207 | D:9      | Identified the +3 leather armour of Resourcefulness {Will-
                  | Str+5 Int-3 Dex+6}
  9591 | D:9      | 9591 ||| Stepping ~*~*~tactically~*~*~ (stealth).
  9593 | D:9      | 9593 ||| Stepping ~*~*~tactically~*~*~ (hiding).
  9598 | D:9      | Noticed a two-headed ogre
  9600 | D:9      | 9600 ||| INVOKING Fiery Armour.
  9608 | D:9      | Killed a two-headed ogre
  9613 | D:9      | Reached XP level 11. HP: 68/68 MP: 12/12
  9621 | D:9      | Noticed Erica
  9622 | D:9      | 9622 ||| Stepping ~*~*~tactically~*~*~ (hiding).
  9640 | D:9      | Killed Erica
  9782 | D:9      | 9782 ||| Stepping ~*~*~tactically~*~*~ (stealth).
  9873 | D:9      | 9873 ||| Stepping ~*~*~tactically~*~*~ (stealth).
  9875 | D:9      | 9875 ||| Stepping ~*~*~tactically~*~*~ (hiding).
  9877 | D:9      | 9877 ||| Stepping ~*~*~tactically~*~*~ (hiding).
  9882 | D:9      | 9882 ||| Stepping ~*~*~tactically~*~*~ (stealth).
  9883 | D:9      | 9883 ||| Stepping ~*~*~tactically~*~*~ (stealth).
  9884 | D:9      | 9884 ||| Stepping ~*~*~tactically~*~*~ (stealth).
  9894 | D:9      | 9894 ||| Stepping ~*~*~tactically~*~*~ (stealth).
  9907 | D:9      | 9907 ||| READING scroll of enchant armour.
  9907 | D:9      | 9907 ||| ENCHANTING +0 cloak.
  9939 | D:9      | 9939 ||| PLANNING LAIR
  9939 | D:9      | 9939 ||| READING scroll labelled LIEFUINORU.
  9977 | Lair:1   | Entered Level 1 of the Lair of Beasts
  9978 | Lair:1   | 9978 ||| PLANNING GAUNTLET
 10016 | Lair:1   | 10016 ||| Stepping ~*~*~tactically~*~*~ (stealth).
 10017 | Lair:1   | 10017 ||| Stepping ~*~*~tactically~*~*~ (stealth).
 10072 | Lair:1   | 10072 ||| Stepping ~*~*~tactically~*~*~ (stealth).
 10090 | Lair:1   | Reached skill level 9 in Fighting
 10182 | Lair:1   | Found a dark tunnel.
 10248 | Lair:1   | Reached skill level 9 in Armour
 11066 | Lair:1   | Found a runed translucent door.
 11068 | Lair:1   | Noticed qw's ghost (journeyman GrCA)
 11069 | Lair:1   | Identified the +1 trident of the Hawk {flame, rF+ rCorr
                  | Str+4}
 11069 | Lair:1   | Noticed a spriggan rider
 11312 | Lair:1   | 11312 ||| RIP GAUNTLET
 11312 | Lair:1   | 11312 ||| PLANNING LAIR
 11312 | Lair:1   | 11312 ||| READING scroll labelled ZUZ JIPARGHOALY.
 11380 | Lair:2   | Reached skill level 12 in Axes
 11462 | Lair:2   | 11462 ||| INVOKING Fiery Armour.
 11466 | Lair:2   | Noticed a six-headed hydra
 11470 | Lair:2   | Reached skill level 6 in Shields
 11473 | Lair:2   | 11473 ||| SWAPPING to -1 hand axe of flaming.
 11478 | Lair:2   | Killed a three-headed hydra
 11479 | Lair:2   | 11479 ||| SWAPPING to +1 war axe.
 11497 | Lair:2   | Reached XP level 12. HP: 32/77 MP: 13/13
 11803 | Lair:2   | 11803 ||| PLANNING TEMPLE
 12017 | Temple   | Entered the Ecumenical Temple
 12081 | Temple   | 12081 ||| PLANNING OKAWARU WORSHIP
 12188 | Temple   | Fell from the grace of Ignis
 12188 | Temple   | Became a worshipper of Warmaster Okawaru
 12188 | Temple   | 12188 ||| PLANNING LAIR
 12404 | Lair:2   | Noticed a skyshark
 12422 | Lair:2   | Killed a skyshark
 12528 | Lair:2   | You fall into a shaft and drop 2 floors!
 12539 | Lair:4   | Noticed a skyshark
 12559 | Lair:4   | Killed a skyshark
 12613 | Lair:4   | Identified the +1 whip of Onkegahoo {drain, Int+5}
 12617 | Lair:4   | Noticed a boulder beetle
 12672 | Lair:4   | Killed a boulder beetle
 12672 | Lair:4   | Reached * piety under Okawaru
 12711 | Lair:4   | 12711 ||| INVOKING Heroism.
 12809 | Lair:4   | Noticed a skyshark
 12828 | Lair:4   | Killed a skyshark
 12829 | Lair:4   | Reached skill level 1 in Invocations
 12899 | Lair:3   | 12899 ||| Stepping ~*~*~tactically~*~*~ (hiding).
 12918 | Lair:3   | 12918 ||| INVOKING Heroism.
 13146 | Lair:3   | 13146 ||| Stepping ~*~*~tactically~*~*~ (stealth).
 13148 | Lair:3   | 13148 ||| Stepping ~*~*~tactically~*~*~ (stealth).
 13150 | Lair:3   | 13150 ||| Stepping ~*~*~tactically~*~*~ (stealth).
 13181 | Lair:3   | Reached skill level 3 in Invocations
 13202 | Lair:3   | Reached ** piety under Okawaru
 13291 | Lair:3   | 13291 ||| Stepping ~*~*~tactically~*~*~ (stealth).
 13304 | Lair:3   | 13304 ||| INVOKING Heroism.
 13621 | Lair:3   | Found a staircase to the Swamp.
 13698 | Lair:3   | You fall into a shaft and drop 1 floor!
 13707 | Lair:4   | 13707 ||| UPGRADING to ring of protection from cold.
 13708 | Lair:4   | 13708 ||| Stepping randomly (stuck).
 13709 | Lair:4   | 13709 ||| Stepping randomly (stuck).
 13710 | Lair:4   | 13710 ||| Stepping randomly (stuck).
 13711 | Lair:4   | 13711 ||| Stepping randomly (stuck).
 13712 | Lair:4   | 13712 ||| Stepping randomly (stuck).
 13713 | Lair:4   | 13713 ||| Stepping randomly (stuck).
 13714 | Lair:4   | 13714 ||| Stepping randomly (stuck).
 13715 | Lair:4   | 13715 ||| Stepping randomly (stuck).
 13716 | Lair:4   | 13716 ||| Stepping randomly (stuck).
 13717 | Lair:4   | 13717 ||| Stepping randomly (stuck).
 13718 | Lair:4   | 13718 ||| Stepping randomly (stuck).
 13719 | Lair:4   | 13719 ||| Stepping randomly (stuck).
 13720 | Lair:4   | 13720 ||| Stepping randomly (stuck).
 13721 | Lair:4   | 13721 ||| Stepping randomly (stuck).
 13722 | Lair:4   | 13722 ||| Stepping randomly (stuck).
 13723 | Lair:4   | 13723 ||| Stepping randomly (stuck).
 13724 | Lair:4   | 13724 ||| Stepping randomly (stuck).
 13725 | Lair:4   | 13725 ||| Stepping randomly (stuck).
 13726 | Lair:4   | 13726 ||| Stepping randomly (stuck).
 13727 | Lair:4   | 13727 ||| Stepping randomly (stuck).
 13728 | Lair:4   | 13728 ||| Stepping randomly (stuck).
 13729 | Lair:4   | 13729 ||| Stepping randomly (stuck).
 13730 | Lair:4   | 13730 ||| Stepping randomly (stuck).
 13731 | Lair:4   | 13731 ||| Stepping randomly (stuck).
 13732 | Lair:4   | 13732 ||| Stepping randomly (stuck).
 13733 | Lair:4   | 13733 ||| Stepping randomly (stuck).
 13734 | Lair:4   | 13734 ||| Stepping randomly (stuck).
 13735 | Lair:4   | 13735 ||| Stepping randomly (stuck).
 13736 | Lair:4   | 13736 ||| Stepping randomly (stuck).
 13737 | Lair:4   | 13737 ||| Stepping randomly (stuck).
 13738 | Lair:4   | 13738 ||| Stepping randomly (stuck).
 13739 | Lair:4   | 13739 ||| Stepping randomly (stuck).
 13740 | Lair:4   | 13740 ||| Stepping randomly (stuck).
 13741 | Lair:4   | 13741 ||| Stepping randomly (stuck).
 13742 | Lair:4   | 13742 ||| Stepping randomly (stuck).
 13743 | Lair:4   | 13743 ||| Stepping randomly (stuck).
 13744 | Lair:4   | 13744 ||| Stepping randomly (stuck).
 13745 | Lair:4   | 13745 ||| Stepping randomly (stuck).
 13746 | Lair:4   | 13746 ||| Stepping randomly (stuck).
 13747 | Lair:4   | 13747 ||| Stepping randomly (stuck).
 13748 | Lair:4   | 13748 ||| Stepping randomly (stuck).
 13749 | Lair:4   | 13749 ||| Stepping randomly (stuck).
 13750 | Lair:4   | 13750 ||| Stepping randomly (stuck).
 13751 | Lair:4   | 13751 ||| Stepping randomly (stuck).
 13752 | Lair:4   | 13752 ||| Stepping randomly (stuck).
 13753 | Lair:4   | 13753 ||| Stepping randomly (stuck).
 13754 | Lair:4   | 13754 ||| Stepping randomly (stuck).
 13755 | Lair:4   | 13755 ||| Stepping randomly (stuck).
 13756 | Lair:4   | 13756 ||| Stepping randomly (stuck).
 13757 | Lair:4   | 13757 ||| Stepping randomly (stuck).
 13758 | Lair:4   | 13758 ||| Stepping randomly (stuck).
 13759 | Lair:4   | 13759 ||| READING 5 scrolls of teleportation.
 13777 | Lair:3   | Noticed a four-headed hydra
 13779 | Lair:3   | 13779 ||| INVOKING Heroism.
 13780 | Lair:3   | Noticed Fannar
 13782 | Lair:3   | 13782 ||| Stepping ~*~*~tactically~*~*~ (hiding).
 13783 | Lair:3   | 13783 ||| SWAPPING to -1 hand axe of flaming.
 13791 | Lair:3   | Killed a one-headed hydra
 13792 | Lair:3   | 13792 ||| SWAPPING to +1 war axe.
 13814 | Lair:3   | Killed Fannar
 13815 | Lair:3   | Reached XP level 13. HP: 60/82 MP: 16/16
 13883 | Lair:3   | Found a stormy altar of Qazlal.
 13884 | Lair:3   | 13884 ||| INVOKING Heroism.
 13900 | Lair:3   | 13900 ||| READING 4 scrolls of teleportation.
 13903 | Lair:3   | Reached skill level 7 in Shields
 14066 | Lair:2   | 14066 ||| INVOKING Heroism.
 14089 | Lair:2   | 14089 ||| INVOKING Heroism.
 14399 | Lair:3   | 14399 ||| INVOKING Heroism.
 14404 | Lair:3   | Noticed Gastronok
 14426 | Lair:3   | 14426 ||| INVOKING Heroism.
 14437 | Lair:3   | HP: 21/84 [Gastronok (3)]
 14438 | Lair:3   | 14438 ||| READING 3 scrolls of teleportation.
 14439 | Lair:3   | 14439 ||| DRINKING 2 potions of heal wounds.
 14555 | Lair:3   | 14555 ||| INVOKING Heroism.
 14567 | Lair:3   | Killed Gastronok
 14613 | Lair:3   | 14613 ||| INVOKING Heroism.
 14702 | Lair:3   | Found a hole to the Spider Nest.
 15052 | Lair:4   | 15052 ||| INVOKING Heroism.
 15066 | Lair:4   | You fall into a shaft and drop 1 floor!
 15066 | Lair:5   | Entered Level 5 of the Lair of Beasts
 15067 | Lair:5   | 15067 ||| Stepping ~*~*~tactically~*~*~ (stealth).
 15080 | Lair:5   | 15080 ||| INVOKING Heroism.
 15091 | Lair:5   | HP: 18/84 [death yak (7)]
 15092 | Lair:5   | 15092 ||| READING 2 scrolls of teleportation.
 15092 | Lair:5   | HP: 8/84 [death yak (11)]
 15093 | Lair:5   | 15093 ||| DRINKING potion of heal wounds.
 15094 | Lair:5   | 15094 ||| INVOKING Heroism.
 15105 | Lair:5   | HP: 17/84 [yak (5)]
 15106 | Lair:5   | 15106 ||| READING scroll of teleportation.
 15112 | Lair:5   | HP: 14/84 [wolf (1)]
 15116 | Lair:5   | HP: 3/84 [komodo dragon (4)]
 15132 | Lair:5   | 15132 ||| INVOKING Heroism.
 15143 | Lair:5   | HP: 10/84 [water moccasin (1)]
 15195 | Lair:5   | 15195 ||| INVOKING Heroism.
 15198 | Lair:5   | HP: 18/84 [fire elemental[the fiery vengeance of Ignis]
                  | (5)]
 15205 | Lair:5   | HP: 13/84 [fire elemental[the fiery vengeance of Ignis]
                  | (5)]
 15245 | Lair:5   | 15245 ||| INVOKING Heroism.
 15251 | Lair:5   | HP: 20/84 [cane toad (9)]
 15278 | Lair:5   | 15278 ||| INVOKING Heroism.
 15361 | Lair:5   | 15361 ||| INVOKING Heroism.
 15379 | Lair:5   | 15379 ||| INVOKING Heroism.
 15463 | Lair:5   | 15463 ||| INVOKING Heroism.
 15584 | Lair:5   | Was forgiven by Ignis
 15721 | Lair:5   | 15721 ||| Stepping ~*~*~tactically~*~*~ (stealth).
 15725 | Lair:5   | 15725 ||| Stepping ~*~*~tactically~*~*~ (stealth).
 15740 | Lair:5   | 15740 ||| INVOKING Heroism.
 15851 | Lair:5   | Found a viscous altar of Jiyva.
 15852 | Lair:5   | Found a staircase to the Slime Pits.
 15858 | Lair:5   | 15858 ||| INVOKING Heroism.
 15868 | Lair:5   | Reached skill level 15 in Axes
 15916 | Lair:5   | Found a transporter.
 15923 | Lair:5   | 15923 ||| INVOKING Heroism.
 15988 | Lair:5   | Noticed qw's ghost (journeyman GrCA)
 16077 | Lair:5   | 16077 ||| DROPPING amulet of guardian spirit.
 16095 | Lair:4   | Noticed Josephine
 16102 | Lair:4   | Killed Josephine
 16108 | Lair:4   | 16108 ||| INVOKING Heroism.
 16199 | Lair:4   | 16199 ||| Stepping ~*~*~tactically~*~*~ (stealth).
 16200 | Lair:4   | 16200 ||| Stepping ~*~*~tactically~*~*~ (stealth).
 16201 | Lair:4   | 16201 ||| Stepping ~*~*~tactically~*~*~ (stealth).
 16202 | Lair:4   | 16202 ||| INVOKING Heroism.
 16271 | Lair:4   | 16271 ||| INVOKING Heroism.
 16622 | Lair:4   | Found a snail-covered altar of Cheibriados.
 16648 | Lair:4   | 16648 ||| INVOKING Heroism.
 16657 | Lair:4   | 16657 ||| INVOKING Heroism.
 16914 | Lair:4   | 16914 ||| DRINKING 2 fizzy purple potions.
 16948 | Lair:5   | 16948 ||| INVOKING Heroism.
 17034 | Lair:5   | 17034 ||| INVOKING Heroism.
 17048 | Lair:5   | Reached skill level 12 in Fighting
 17058 | Lair:5   | 17058 ||| INVOKING Heroism.
 17086 | Lair:5   | 17086 ||| INVOKING Heroism.
 17182 | Lair:5   | Noticed Urug
 17183 | Lair:5   | 17183 ||| INVOKING Heroism.
 17192 | Lair:5   | 17192 ||| DRINKING 10 potions of curing.
 17192 | Lair:5   | 17192 ||| (to cure confusion)
 17203 | Lair:5   | Killed Urug
 17231 | Lair:5   | 17231 ||| Stepping ~*~*~tactically~*~*~ (hiding).
 17313 | Lair:5   | 17313 ||| SWAPPING to +2 heavy broad axe.
 17314 | Lair:5   | 17314 ||| DROPPING +1 war axe.
 17352 | Lair:5   | 17352 ||| INVOKING Heroism.
 17431 | Lair:5   | 17431 ||| INVOKING Heroism.
 17432 | Lair:5   | 17432 ||| Stepping ~*~*~tactically~*~*~ (cloud).
 17435 | Lair:5   | Reached skill level 3 in Throwing
 17533 | Lair:5   | Gained mutation: Your large and strong wings let you fly.
                  | [Gargoyle growth]
 17533 | Lair:5   | Reached XP level 14. HP: 92/92 MP: 17/17
 17553 | Lair:5   | 17553 ||| INVOKING Heroism.
 17559 | Lair:5   | 17559 ||| SWAPPING to -1 hand axe of flaming.
 17574 | Lair:5   | 17574 ||| SWAPPING to +2 heavy broad axe.
 17576 | Lair:5   | 17576 ||| Stepping ~*~*~tactically~*~*~ (cloud).
 17584 | Lair:5   | 17584 ||| INVOKING Heroism.
 17596 | Lair:5   | 17596 ||| Stepping ~*~*~tactically~*~*~ (stealth).
 17608 | Lair:5   | 17608 ||| INVOKING Heroism.
 17808 | Lair:5   | 17808 ||| Stepping ~*~*~tactically~*~*~ (stealth).
 17811 | Lair:5   | 17811 ||| Stepping ~*~*~tactically~*~*~ (stealth).
 17812 | Lair:5   | 17812 ||| Stepping ~*~*~tactically~*~*~ (stealth).
 17817 | Lair:5   | Found a large runed translucent door.
 17817 | Lair:5   | Found a large runed translucent door.
 17820 | Lair:5   | 17820 ||| Stepping ~*~*~tactically~*~*~ (hiding).
 17824 | Lair:5   | 17824 ||| INVOKING Heroism.
 17837 | Lair:5   | 17837 ||| Stepping ~*~*~tactically~*~*~ (stealth).
 17839 | Lair:5   | 17839 ||| Stepping ~*~*~tactically~*~*~ (stealth).
 17841 | Lair:5   | 17841 ||| Stepping ~*~*~tactically~*~*~ (stealth).
 17875 | Lair:5   | 17875 ||| Stepping ~*~*~tactically~*~*~ (stealth).
 17884 | Lair:5   | 17884 ||| Stepping ~*~*~tactically~*~*~ (stealth).
 18120 | Lair:5   | Found a transporter.
 18128 | Lair:5   | Found a bloodstained altar of Trog.
 18890 | Lair:5   | 18890 ||| Stepping randomly (stuck).
 19099 | Lair:5   | 19099 ||| INVOKING Heroism.
 19116 | Lair:5   | 19116 ||| Stepping ~*~*~tactically~*~*~ (stealth).
 19118 | Lair:5   | 19118 ||| Stepping ~*~*~tactically~*~*~ (stealth).
 19121 | Lair:5   | 19121 ||| Stepping ~*~*~tactically~*~*~ (stealth).
 19129 | Lair:5   | 19129 ||| Stepping ~*~*~tactically~*~*~ (stealth).
 19131 | Lair:5   | 19131 ||| Stepping ~*~*~tactically~*~*~ (stealth).
 19162 | Lair:5   | 19162 ||| Stepping ~*~*~tactically~*~*~ (stealth).
 19318 | Lair:5   | 19318 ||| PLANNING D:1-11
 19318 | Lair:5   | 19318 ||| UPGRADING to +6 ring of dexterity.
 19320 | Lair:5   | 19320 ||| UPGRADING to ring of willpower.
 19456 | D:10     | Entered Level 10 of the Dungeon
 19474 | D:10     | 19474 ||| Stepping ~*~*~tactically~*~*~ (stealth).
 19490 | D:10     | Reached skill level 3 in Dodging
 19625 | D:10     | 19625 ||| Stepping ~*~*~tactically~*~*~ (stealth).
 19634 | D:10     | 19634 ||| Stepping ~*~*~tactically~*~*~ (hiding).
 19636 | D:10     | 19636 ||| Stepping ~*~*~tactically~*~*~ (hiding).
 19637 | D:10     | 19637 ||| Stepping ~*~*~tactically~*~*~ (hiding).
 19844 | D:10     | Found a bloodstained altar of Trog.
 19906 | D:10     | 19906 ||| Stepping ~*~*~tactically~*~*~ (stealth).
 19910 | D:10     | 19910 ||| Stepping ~*~*~tactically~*~*~ (hiding).
 19975 | D:10     | 19975 ||| Stepping ~*~*~tactically~*~*~ (stealth).
 20312 | D:10     | 20312 ||| DROPPING +1 cloak.
 20313 | D:10     | 20313 ||| READING scroll labelled LIALIS NAOZ.
 20313 | D:10     | Identified a scroll of acquirement
 20313 | D:10     | 20313 ||| ACQUIRING +1 kite shield "Vogailoq" {-Tele Drain
                  | Str+5 Int+8}
 20313 | D:10     | Acquired the +1 kite shield "Vogailoq" {-Tele Drain Str+5
                  | Int+8}
 20315 | D:10     | 20315 ||| READING scroll labelled SIUBEH YSCHA.
 20476 | D:11     | Reached *** piety under Okawaru
 20574 | D:11     | Found a runed translucent door.
 20606 | D:11     | 20606 ||| Stepping ~*~*~tactically~*~*~ (hiding).
 20681 | D:11     | Reached skill level 8 in Shields
 20727 | D:11     | Found a runed translucent door.
 20728 | D:11     | Found the +10 tower shield of Ignorance {rN+ Int-4}
 21136 | D:11     | 21136 ||| Stepping ~*~*~tactically~*~*~ (stealth).
 21137 | D:11     | 21137 ||| Stepping ~*~*~tactically~*~*~ (stealth).
 21139 | D:11     | 21139 ||| INVOKING Heroism.
 21776 | D:11     | 21776 ||| PLANNING D
 21776 | D:11     | 21776 ||| READING scroll labelled WOCZEID CABOA.
 21811 | D:12     | 21811 ||| Stepping ~*~*~tactically~*~*~ (hiding).
 21840 | D:12     | 21840 ||| INVOKING Heroism.
 21873 | D:12     | 21873 ||| Stepping ~*~*~tactically~*~*~ (stealth).
 21899 | D:12     | 21899 ||| Stepping ~*~*~tactically~*~*~ (stealth).
 21901 | D:12     | 21901 ||| Stepping ~*~*~tactically~*~*~ (stealth).
 21902 | D:12     | 21902 ||| Stepping ~*~*~tactically~*~*~ (stealth).
 21903 | D:12     | 21903 ||| INVOKING Heroism.
 21904 | D:12     | 21904 ||| Stepping ~*~*~tactically~*~*~ (stealth).
 21908 | D:12     | 21908 ||| Stepping ~*~*~tactically~*~*~ (stealth).
 21950 | D:12     | 21950 ||| Stepping ~*~*~tactically~*~*~ (stealth).
 21995 | D:12     | 21995 ||| Stepping ~*~*~tactically~*~*~ (stealth).
 21996 | D:12     | 21996 ||| Stepping ~*~*~tactically~*~*~ (stealth).
 22016 | D:12     | Reached skill level 12 in Armour
 22125 | D:12     | 22125 ||| Stepping ~*~*~tactically~*~*~ (hiding).
 22248 | D:12     | 22248 ||| Stepping ~*~*~tactically~*~*~ (hiding).
 22323 | D:12     | Noticed Sonja
 22324 | D:12     | 22324 ||| Stepping ~*~*~tactically~*~*~ (stealth).
 22331 | D:12     | 22331 ||| Stepping ~*~*~tactically~*~*~ (hiding).
 22333 | D:12     | Killed Sonja
 22333 | D:12     | Received a gift from Okawaru
 22488 | D:12     | Found Urug's Distillery.
 22496 | D:12     | 22496 ||| BUYING 2 potions of curing (84 gold).
 22496 | D:12     | Bought 2 potions of curing for 84 gold pieces
 22496 | D:12     | 22496 ||| BUYING potion of curing (42 gold).
 22496 | D:12     | Bought a potion of curing for 42 gold pieces
 22496 | D:12     | 22496 ||| BUYING potion of heal wounds (70 gold).
 22496 | D:12     | Bought a potion of heal wounds for 70 gold pieces
 22496 | D:12     | 22496 ||| BUYING potion of heal wounds (70 gold).
 22496 | D:12     | Bought a potion of heal wounds for 70 gold pieces
 22496 | D:12     | 22496 ||| BUYING potion of heal wounds (70 gold).
 22496 | D:12     | Bought a potion of heal wounds for 70 gold pieces
 22520 | D:12     | 22520 ||| Stepping ~*~*~tactically~*~*~ (stealth).
 22521 | D:12     | 22521 ||| Stepping ~*~*~tactically~*~*~ (stealth).
 22687 | D:12     | 22687 ||| Stepping ~*~*~tactically~*~*~ (hiding).
 22910 | D:12     | Noticed Nergalle
 22911 | D:12     | 22911 ||| Stepping ~*~*~tactically~*~*~ (hiding).
 22913 | D:12     | 22913 ||| Stepping ~*~*~tactically~*~*~ (hiding).
 22925 | D:12     | Killed Nergalle
 23012 | D:12     | 23012 ||| UPGRADING to +0 kite shield.
 23022 | D:12     | 23022 ||| DROPPING +0 buckler.
 23159 | D:13     | Reached **** piety under Okawaru
 23275 | D:13     | 23275 ||| Stepping randomly (disturbance).
 23294 | D:13     | 23294 ||| Stepping ~*~*~tactically~*~*~ (hiding).
 23295 | D:13     | 23295 ||| INVOKING Heroism.
 23413 | D:13     | 23413 ||| Stepping ~*~*~tactically~*~*~ (stealth).
 23415 | D:13     | 23415 ||| INVOKING Heroism.
 23573 | D:13     | 23573 ||| Stepping ~*~*~tactically~*~*~ (stealth).
 23575 | D:13     | 23575 ||| INVOKING Heroism.
 23590 | D:13     | Received a gift from Okawaru
 23740 | D:13     | 23740 ||| Stepping ~*~*~tactically~*~*~ (hiding).
 23741 | D:13     | 23741 ||| Stepping ~*~*~tactically~*~*~ (hiding).
 23748 | D:13     | Reached skill level 9 in Shields
 24012 | D:14     | 24012 ||| INVOKING Heroism.
 24016 | D:14     | Reached XP level 15. HP: 96/96 MP: 15/18
 24024 | D:14     | Reached skill level 10 in Shields
 24169 | D:14     | 24169 ||| INVOKING Heroism.
 24170 | D:14     | 24170 ||| Stepping ~*~*~tactically~*~*~ (hiding).
 24171 | D:14     | 24171 ||| Stepping ~*~*~tactically~*~*~ (hiding).
 24175 | D:14     | 24175 ||| SWAPPING to -1 hand axe of flaming.
 24182 | D:14     | Received a gift from Okawaru
 24183 | D:14     | 24183 ||| SWAPPING to +2 heavy broad axe.
 24239 | D:14     | 24239 ||| READING scroll of enchant armour.
 24239 | D:14     | 24239 ||| ENCHANTING +1 cloak.
 24244 | D:14     | 24244 ||| Stepping ~*~*~tactically~*~*~ (hiding).
 24246 | D:14     | 24246 ||| Stepping ~*~*~tactically~*~*~ (hiding).
 24288 | D:14     | 24288 ||| Stepping ~*~*~tactically~*~*~ (hiding).
 24289 | D:14     | 24289 ||| Stepping ~*~*~tactically~*~*~ (hiding).
 24291 | D:14     | 24291 ||| Stepping ~*~*~tactically~*~*~ (hiding).
 24296 | D:14     | 24296 ||| Stepping ~*~*~tactically~*~*~ (hiding).
 24385 | D:14     | 24385 ||| INVOKING Heroism.
 24394 | D:14     | Reached skill level 6 in Invocations
 24539 | D:14     | 24539 ||| Stepping ~*~*~tactically~*~*~ (hiding).
 24540 | D:14     | 24540 ||| Stepping ~*~*~tactically~*~*~ (hiding).
 24542 | D:14     | 24542 ||| Stepping ~*~*~tactically~*~*~ (hiding).
 24563 | D:14     | 24563 ||| Stepping ~*~*~tactically~*~*~ (hiding).
 24574 | D:14     | 24574 ||| INVOKING Heroism.
 24621 | D:14     | 24621 ||| INVOKING Heroism.
 24627 | D:14     | Reached skill level 11 in Shields
 24674 | D:14     | 24674 ||| Stepping ~*~*~tactically~*~*~ (hiding).
 24677 | D:14     | 24677 ||| Stepping ~*~*~tactically~*~*~ (hiding).
 24679 | D:14     | 24679 ||| INVOKING Heroism.
 24713 | D:14     | Found a gate to the Vaults.
 24728 | D:14     | 24728 ||| Stepping ~*~*~tactically~*~*~ (hiding).
 24729 | D:14     | 24729 ||| Stepping ~*~*~tactically~*~*~ (hiding).
 25115 | D:14     | Found a portal to a secret trove of treasure.
 25149 | D:14     | Noticed Roxanne
 25150 | D:14     | 25150 ||| INVOKING Heroism.
 25157 | D:14     | Killed Roxanne
 25228 | D:14     | 25228 ||| DROPPING +1 kite shield "Vogailoq" {-Tele Drain
                  | Str+5 Int+8}.
 25229 | D:14     | 25229 ||| UPGRADING to +0 tower shield.
 25239 | D:14     | 25239 ||| DROPPING +0 kite shield.
 25240 | D:14     | 25240 ||| READING scroll labelled UGAZAT FECIMUTS.
 25241 | D:14     | 25241 ||| READING scroll of brand weapon.
 25241 | D:14     | 25241 ||| BRANDING +2 heavy broad axe.
 25242 | D:14     | 25242 ||| READING 16 scrolls of identify.
 25242 | D:14     | 25242 ||| IDENTIFYING sedimented silvery potion
 25243 | D:14     | 25243 ||| DROPPING potion of flight.
 25266 | D:15     | Entered Level 15 of the Dungeon
 25267 | D:15     | 25267 ||| INVOKING Heroism.
 25268 | D:15     | 25268 ||| SWAPPING to -1 hand axe of flaming.
 25274 | D:15     | 25274 ||| SWAPPING to +2 broad axe of venom.
 25286 | D:15     | 25286 ||| Stepping ~*~*~tactically~*~*~ (stealth).
 25287 | D:15     | 25287 ||| Stepping ~*~*~tactically~*~*~ (stealth).
 25293 | D:15     | 25293 ||| INVOKING Heroism.
 25309 | D:15     | Reached skill level 12 in Shields
 25365 | D:15     | 25365 ||| INVOKING Heroism.
 25482 | D:15     | Found a frozen archway.
 25483 | D:15     | 25483 ||| INVOKING Heroism.
 25519 | D:15     | 25519 ||| STAIRDANCE
 25695 | D:15     | 25695 ||| INVOKING Heroism.
 25729 | D:15     | 25729 ||| STAIRDANCE
 25869 | D:15     | 25869 ||| INVOKING Heroism.
 26191 | D:15     | Found a white marble altar of Elyvilon.
 26228 | D:15     | 26228 ||| Stepping ~*~*~tactically~*~*~ (hiding).
 26244 | D:15     | 26244 ||| INVOKING Heroism.
 26248 | D:15     | 26248 ||| Stepping ~*~*~tactically~*~*~ (hiding).
 26260 | D:15     | Received a gift from Okawaru
 26298 | D:15     | 26298 ||| READING scroll of enchant armour.
 26298 | D:15     | 26298 ||| ENCHANTING +0 plate armour of cold resistance.
 26429 | D:15     | 26429 ||| Stepping ~*~*~tactically~*~*~ (hiding).
 26430 | D:15     | 26430 ||| Stepping ~*~*~tactically~*~*~ (hiding).
 26431 | D:15     | 26431 ||| Stepping ~*~*~tactically~*~*~ (hiding).
 26814 | D:15     | 26814 ||| Stepping ~*~*~tactically~*~*~ (hiding).
 26816 | D:15     | 26816 ||| Stepping ~*~*~tactically~*~*~ (hiding).
 26822 | D:15     | Reached skill level 13 in Shields
 26927 | D:15     | Found a staircase to the Depths.
 26928 | D:15     | 26928 ||| INVOKING Heroism.
 27106 | D:15     | 27106 ||| PLANNING ORC
 27257 | Orc:1    | Entered Level 1 of the Orcish Mines
 27316 | Orc:1    | Found Xuopraeso's Magic Scroll Shop.
 27330 | Orc:1    | 27330 ||| BUYING 3 scrolls of teleportation (135 gold).
 27330 | Orc:1    | Bought 3 scrolls of teleportation for 135 gold pieces
 27330 | Orc:1    | 27330 ||| BUYING scroll of enchant weapon (112 gold).
 27330 | Orc:1    | Bought a scroll of enchant weapon for 112 gold pieces
 27330 | Orc:1    | 27330 ||| BUYING scroll of teleportation (45 gold).
 27330 | Orc:1    | Bought a scroll of teleportation for 45 gold pieces
 27330 | Orc:1    | 27330 ||| BUYING scroll of teleportation (45 gold).
 27330 | Orc:1    | Bought a scroll of teleportation for 45 gold pieces
 27330 | Orc:1    | 27330 ||| BUYING scroll of teleportation (45 gold).
 27330 | Orc:1    | Bought a scroll of teleportation for 45 gold pieces
 27330 | Orc:1    | 27330 ||| READING scroll of enchant weapon.
 27330 | Orc:1    | 27330 ||| ENCHANTING +2 broad axe of venom.
 27516 | Orc:2    | Entered Level 2 of the Orcish Mines
 27555 | Orc:1    | You are sucked into a shaft and drop 1 floor!
 27582 | Orc:2    | 27582 ||| INVOKING Heroism.
 27613 | Orc:2    | HP: 18/96 [two-headed ogre/+0 giant club (9)]
 27614 | Orc:2    | 27614 ||| READING 10 scrolls of teleportation.
 27615 | Orc:2    | 27615 ||| DRINKING 4 potions of heal wounds.
 27616 | Orc:2    | 27616 ||| DRINKING 3 potions of heal wounds.
 27617 | Orc:2    | 27617 ||| INVOKING Heroism.
 27646 | Orc:2    | 27646 ||| INVOKING Heroism.
 27665 | Orc:2    | Reached skill level 14 in Shields
 27712 | Orc:2    | 27712 ||| Stepping ~*~*~tactically~*~*~ (stealth).
 27742 | Orc:2    | 27742 ||| INVOKING Heroism.
 27814 | Orc:2    | 27814 ||| Stepping ~*~*~tactically~*~*~ (stealth).
 27831 | Orc:2    | 27831 ||| Stepping ~*~*~tactically~*~*~ (stealth).
 27832 | Orc:2    | 27832 ||| Stepping ~*~*~tactically~*~*~ (stealth).
 27865 | Orc:2    | 27865 ||| Stepping ~*~*~tactically~*~*~ (stealth).
 27977 | Orc:2    | 27977 ||| Stepping ~*~*~tactically~*~*~ (stealth).
 27980 | Orc:2    | 27980 ||| Stepping ~*~*~tactically~*~*~ (stealth).
 27985 | Orc:2    | 27985 ||| Stepping ~*~*~tactically~*~*~ (hiding).
 28000 | Orc:2    | Received a gift from Okawaru
 28003 | Orc:2    | Reached XP level 16. HP: 91/101 MP: 21/21
 28033 | Orc:2    | Found a staircase to the Elven Halls.
 28037 | Orc:2    | 28037 ||| INVOKING Heroism.
 28116 | Orc:1    | 28116 ||| Stepping ~*~*~tactically~*~*~ (hiding).
 28122 | Orc:1    | 28122 ||| Stepping ~*~*~tactically~*~*~ (hiding).
 28208 | Orc:1    | 28208 ||| Stepping ~*~*~tactically~*~*~ (hiding).
 28240 | Orc:1    | 28240 ||| INVOKING Heroism.
 28357 | Orc:1    | 28357 ||| Stepping ~*~*~tactically~*~*~ (stealth).
 28358 | Orc:1    | 28358 ||| Stepping ~*~*~tactically~*~*~ (stealth).
 28359 | Orc:1    | 28359 ||| INVOKING Heroism.
 28597 | Orc:2    | 28597 ||| INVOKING Heroism.
 28756 | Orc:2    | Found Ytrefedo's Weapon Shoppe.
 28756 | Orc:2    | Found Nefagaall's Magic Scroll Shoppe.
 28764 | Orc:2    | Found Yzees's Book Shop.
 28784 | Orc:2    | 28784 ||| BUYING 2 scrolls of teleportation (90 gold).
 28784 | Orc:2    | Bought 2 scrolls of teleportation for 90 gold pieces
 28784 | Orc:2    | 28784 ||| BUYING scroll of enchant armour (112 gold).
 28784 | Orc:2    | Bought a scroll of enchant armour for 112 gold pieces
 28784 | Orc:2    | 28784 ||| BUYING scroll of teleportation (45 gold).
 28784 | Orc:2    | Bought a scroll of teleportation for 45 gold pieces
 28784 | Orc:2    | 28784 ||| READING scroll of enchant armour.
 28784 | Orc:2    | 28784 ||| ENCHANTING +1 plate armour of cold resistance.
 28787 | Orc:2    | Found Meojul's Distillery.
 28796 | Orc:2    | 28796 ||| BUYING 2 potions of curing (96 gold).
 28796 | Orc:2    | Bought 2 potions of curing for 96 gold pieces
 28796 | Orc:2    | 28796 ||| BUYING potion of curing (48 gold).
 28796 | Orc:2    | Bought a potion of curing for 48 gold pieces
 28796 | Orc:2    | 28796 ||| BUYING potion of curing (48 gold).
 28796 | Orc:2    | Bought a potion of curing for 48 gold pieces
 28796 | Orc:2    | 28796 ||| BUYING potion of curing (48 gold).
 28796 | Orc:2    | Bought a potion of curing for 48 gold pieces
 28796 | Orc:2    | 28796 ||| BUYING potion of curing (48 gold).
 28796 | Orc:2    | Bought a potion of curing for 48 gold pieces
 28796 | Orc:2    | 28796 ||| BUYING potion of heal wounds (80 gold).
 28796 | Orc:2    | Bought a potion of heal wounds for 80 gold pieces
 28796 | Orc:2    | 28796 ||| BUYING potion of might (64 gold).
 28796 | Orc:2    | Bought a potion of might for 64 gold pieces
 28796 | Orc:2    | 28796 ||| BUYING potion of mutation (128 gold).
 28796 | Orc:2    | Bought a potion of mutation for 128 gold pieces
 28866 | Orc:2    | 28866 ||| PLANNING SPIDER:1-3
 28866 | Orc:2    | 28866 ||| PLANNING LAIR
 29031 | Lair:5   | 29031 ||| PLANNING SPIDER:1-3
 29083 | Spider:1 | Entered Level 1 of the Spider Nest
 29094 | Spider:1 | 29094 ||| Stepping ~*~*~tactically~*~*~ (stealth).
 29137 | Spider:1 | 29137 ||| Stepping ~*~*~tactically~*~*~ (stealth).
 29138 | Spider:1 | 29138 ||| Stepping ~*~*~tactically~*~*~ (stealth).
 29153 | Spider:1 | Reached skill level 15 in Shields
 29170 | Spider:1 | 29170 ||| INVOKING Heroism.
 29378 | Spider:1 | 29378 ||| Stepping ~*~*~tactically~*~*~ (stealth).
 29533 | Spider:1 | 29533 ||| Stepping ~*~*~tactically~*~*~ (stealth).
 29541 | Spider:1 | Reached skill level 9 in Invocations
 29780 | Spider:1 | 29780 ||| Stepping ~*~*~tactically~*~*~ (hiding).
 29897 | Spider:1 | 29897 ||| INVOKING Heroism.
 30086 | Spider:1 | Noticed Jorgrun
 30087 | Spider:1 | 30087 ||| INVOKING Heroism.
 30097 | Spider:1 | Killed Jorgrun
 30189 | Spider:1 | 30189 ||| READING scroll of enchant weapon.
 30189 | Spider:1 | 30189 ||| ENCHANTING +3 broad axe of venom.
 30622 | Spider:2 | Identified the +4 spear of the Ass {heavy, rElec rPois
                  | Dex+2}
 30944 | Spider:2 | 30944 ||| Stepping ~*~*~tactically~*~*~ (stealth).
 30960 | Spider:2 | Reached ***** piety under Okawaru
 31107 | Spider:2 | 31107 ||| Stepping ~*~*~tactically~*~*~ (hiding).
 31274 | Spider:2 | 31274 ||| DROPPING +1 hat.
 31296 | Spider:3 | 31296 ||| Stepping ~*~*~tactically~*~*~ (hiding).
 31299 | Spider:3 | Identified the +0 pair of gloves of the Snail {rElec Dex+2}
                  | (Okawaru gifted it to you on level 3 of the Spider Nest)
 31299 | Spider:3 | Received a gift from Okawaru
 31300 | Spider:3 | 31300 ||| INVOKING Heroism.
 31314 | Spider:3 | Reached skill level 16 in Shields
 31317 | Spider:3 | 31317 ||| Stepping ~*~*~tactically~*~*~ (stealth).
 31344 | Spider:3 | 31344 ||| Stepping ~*~*~tactically~*~*~ (stealth).
 31350 | Spider:3 | Identified the +1 quarterstaff of Exquisite Torment {speed,
                  | rPois rF+ Will+}
 31360 | Spider:3 | 31360 ||| Stepping ~*~*~tactically~*~*~ (stealth).
 31362 | Spider:3 | 31362 ||| Stepping ~*~*~tactically~*~*~ (hiding).
 31363 | Spider:3 | 31363 ||| INVOKING Heroism.
 31376 | Spider:3 | 31376 ||| INVOKING Finesse.
 31419 | Spider:3 | 31419 ||| Stepping ~*~*~tactically~*~*~ (stealth).
 31435 | Spider:3 | 31435 ||| Stepping ~*~*~tactically~*~*~ (stealth).
 31439 | Spider:3 | 31439 ||| Stepping ~*~*~tactically~*~*~ (stealth).
 31441 | Spider:3 | 31441 ||| Stepping ~*~*~tactically~*~*~ (stealth).
 31454 | Spider:3 | 31454 ||| INVOKING Heroism.
 31586 | Spider:3 | 31586 ||| INVOKING Heroism.
 31757 | Spider:3 | Noticed Arachne
 31759 | Spider:3 | 31759 ||| Stepping ~*~*~tactically~*~*~ (hiding).
 31760 | Spider:3 | 31760 ||| INVOKING Heroism.
 31780 | Spider:3 | Killed Arachne
 31792 | Spider:3 | 31792 ||| INVOKING Heroism.
 31929 | Spider:3 | 31929 ||| Stepping ~*~*~tactically~*~*~ (stealth).
 31931 | Spider:3 | 31931 ||| Stepping ~*~*~tactically~*~*~ (stealth).
 31945 | Spider:3 | Reached skill level 17 in Shields
 31953 | Spider:3 | 31953 ||| INVOKING Heroism.
 32012 | Spider:3 | 32012 ||| Stepping ~*~*~tactically~*~*~ (stealth).
 32016 | Spider:3 | 32016 ||| Stepping ~*~*~tactically~*~*~ (stealth).
 32101 | Spider:3 | 32101 ||| Stepping ~*~*~tactically~*~*~ (stealth).
 32158 | Spider:3 | 32158 ||| Stepping ~*~*~tactically~*~*~ (stealth).
 32159 | Spider:3 | 32159 ||| Stepping ~*~*~tactically~*~*~ (hiding).
 32177 | Spider:3 | 32177 ||| Stepping ~*~*~tactically~*~*~ (stealth).
 32178 | Spider:3 | 32178 ||| Stepping ~*~*~tactically~*~*~ (stealth).
 32267 | Spider:3 | 32267 ||| Stepping ~*~*~tactically~*~*~ (stealth).
 32537 | Spider:3 | 32537 ||| PLANNING SWAMP:1-3
 32537 | Spider:3 | 32537 ||| DROPPING +0 pair of gloves of the Snail {rElec
                  | Dex+2}.
 32683 | Swamp:1  | Entered Level 1 of the Swamp
 32684 | Swamp:1  | 32684 ||| INVOKING Heroism.
 32686 | Swamp:1  | 32686 ||| SWAPPING to -1 hand axe of flaming.
 32691 | Swamp:1  | 32691 ||| SWAPPING to +4 broad axe of venom.
 32734 | Swamp:1  | 32734 ||| Stepping ~*~*~tactically~*~*~ (hiding).
 32773 | Swamp:1  | Noticed a thorn hunter
 32774 | Swamp:1  | 32774 ||| INVOKING Heroism.
 32787 | Swamp:1  | Reached XP level 17. HP: 92/106 MP: 22/24
 32899 | Swamp:1  | 32899 ||| INVOKING Heroism.
 32904 | Swamp:1  | Noticed Kirke
 32917 | Swamp:1  | HP: 22/106 [spriggan rider/+0 spear (30)]
 32918 | Swamp:1  | 32918 ||| READING 14 scrolls of teleportation.
 32919 | Swamp:1  | 32919 ||| DRINKING 5 potions of heal wounds.
 32920 | Swamp:1  | 32920 ||| DRINKING 4 potions of heal wounds.
 32921 | Swamp:1  | 32921 ||| DRINKING 3 potions of heal wounds.
 32922 | Swamp:1  | 32922 ||| READING 13 scrolls of teleportation.
 32922 | Swamp:1  | HP: 10/106 [lindwurm][Kirke] (4)]
 32923 | Swamp:1  | 32923 ||| DRINKING 2 potions of heal wounds.
 32924 | Swamp:1  | 32924 ||| DRINKING potion of heal wounds.
 32925 | Swamp:1  | 32925 ||| READING 12 scrolls of teleportation.
 32925 | Swamp:1  | Killed from afar by a lindwurm

Levels and vault maps discovered:
D:1:      giann_forest_graveyard, layout_basic, serial_shops, shop,
          serial_forest, infiniplex_forest_clump_diagonal,
          infiniplex_forest_lined_room_3, infiniplex_forest_clump_tiny,
          infiniplex_forest_lined_2, infiniplex_forest_lined_3,
          infiniplex_forest_lined_room_2
D:2:      layout_loops_corners, shapermc_ecumenical_altar_starsandcircs,
          minmay_pentomino_t4
D:3:      layout_loops_ring, nicolae_wu_jian_immortal_techniques,
          nicolae_sif_muna_little_library, serial_shops, nicolae_shop_waterfront
D:4:      cheibrodos_greedy_goblins, layout_cave_pools, minmay_quadrilaterals
D:5:      layout_basic, uniq_crazy_yiuf_cottage, uniq_edmund,
          uniq_prince_ribbit1, uniq_eustachio
D:6:      minmay_inner_zag, layout_basic, yredelemnul_altar_generic,
          gup_sewer_entry_pipe, uniq_duvessa
D:7:      nicolae_cairo_tiling_large_dashed, layout_rooms
D:8:      layout_basic, enter_bailey_3, nicolae_figureground_pulse
D:9:      layout_grid_maze, mainiacjoe_overflow_24_doors, david_lair_generic,
          hiddenorc2_lemuel, uniq_erica
D:10:     layout_loops_ring, general_overflow_altar, kennysheep_cluttered_room
D:11:     layout_layer_cave, chequers_guarded_unrand_ignorance
D:12:     layout_basic, serial_shops, shop, blue_anna_alchemist, uniq_sonja,
          uniq_nergalle
D:13:     layout_roguey, serial_bayou_pond_d, minmay_stone_trees_small
D:14:     layout_basic, grunt_vaults_entry_fortified,
          nicolae_trove_entry_columns, uniq_roxanne
D:15:     grunt_enter_depths_snipers, layout_basic,
          portal_ice_cave_entry_ice_statue_two, serial_bayou_lagoon_a,
          corexii_checkpoint_a, elyvilon_altar_5
Temple:   nicolae_temple_bog_church
Lair:1:   layout_long_grid, ebering_ghost_funeral_grove, gauntlet_entry_generic,
          nicolae_volcano_entry_batcave, hangedman_lair_unloving_vines,
          hibernation_bobbens
Lair:2:   layout_roguey, lemuel_fruit_fields, infiniplex_staircase_pool_2
Lair:3:   layout_regular_city, swamp_mist, nicolae_spider_entry_orb_guardian,
          dreamdust_mushroom_princess, lemuel_oklob_altar, serial_bayou_shore_b,
          uniq_gastronok, uniq_fannar
Lair:4:   layout_loops_ring, kennysheep_snail_temple, uniq_josephine
Lair:5:   cheibrodos_lair_end_hotspot, layout_cave_pods, slime_entry_1,
          gammafunk_ghost_wrathful_warriors, eino_house_with_fridge, uniq_urug
Swamp:1:  layout_falls_marsh, nicolae_swamp_fairy_circle, uniq_kirke
Spider:1: layout_spider_delve, drop_trap, uniq_jorgrun
Spider:2: layout_spider_delve
Spider:3: layout_spider_delve, uniq_arachne
Orc:1:    cheibrodos_orc_arena, layout_caves, serial_shops, shop, basic_altar
Orc:2:    st_orc_open, layout_diamond_mine, basic_altar

Skill      XL: |  1  2  3  4  5  6  7  8  9 10 11 12 13 14 15 16 |
---------------+-------------------------------------------------+-----
Axes           | 3 4 5 6 7 8 10 11 12 14 15 16 | 16.8
Armour         | 1 2 4 5 7 8 9 10 11 12 | 12.0
Fighting       | 4 6 7 8 10 12 | 12.1
Shields        | 5 6 7 9 14 17 | 17.0
Throwing       | 1 2 3 5 |  5.7
Dodging        | 2 3 |  3.0
Invocations    | 4 7 10 | 10.0
Spellcasting   | |  1.0
Fire Magic     | |  3.0

Action                     |  1- 3 |  4- 6 |  7- 9 | 10-12 | 13-15 | 16-18 || total
---------------------------+-------+-------+-------+-------+-------+-------++-------
  Melee: Hand axe          |    62 |       |       |    13 |    26 |     4 ||   105
         War axe           |    22 |   237 |   350 |   734 |   416 |       ||  1759
         Kick              |       |    17 |    71 |   203 |   410 |   205 ||   906
         Punch             |       |       |     5 |       |       |       ||     5
         Broad axe         |       |       |       |       |   805 |   517 ||  1322
  Throw: Boomerang         |       |    34 |       |   118 |    73 |   107 ||   332
         Javelin           |       |       |       |       |    68 |     8 ||    76
 Invoke: Fiery Armour      |       |     4 |     4 |     5 |       |       ||    13
         Heroism           |       |       |       |     4 |    62 |    17 ||    83
         Finesse           |       |       |       |       |       |     1 ||     1
    Use: Scroll            |     2 |     8 |     8 |     6 |    14 |     5 ||    43
         Potion            |       |     6 |     2 |     1 |     6 |     5 ||    20
   Stab: Confused          |       |       |       |       |       |     1 ||     1
 Armour: Robe              |     9 |       |       |       |       |       ||     9
         Ring mail         |     9 |    78 |       |       |       |       ||    87
         Chain mail        |       |    60 |       |       |       |       ||    60
         Plate armour      |       |     7 |   329 |   475 |   713 |   262 ||  1786
  Dodge: Dodged            |    40 |    72 |   106 |   182 |   294 |   119 ||   813
  Block: Other             |       |       |    41 |     3 |       |     1 ||    45
         Reflection        |       |       |     1 |     4 |    45 |     7 ||    57
         Buckler           |       |       |       |   275 |   324 |       ||   599
         Kite shield       |       |       |       |       |   131 |       ||   131
         Tower shield      |       |       |       |       |   313 |   593 ||   906

Table legend:
 A = Non-vault XP
 B = Vault XP
 C = Vault XP percentage of total XP
 D = Non-vault monster count
 E = Vault monster count
 F = Vault count percentage of total count
                 A         B        C        D         E       F
            +---------+---------+-------+---------+---------+-------
      Total |  134040 |   52859 |  28.3 |     618 |     209 |  25.3
            +---------+---------+-------+---------+---------+-------
        D:1 |      33 |       0 |   0.0 |      21 |       0 |   0.0
        D:2 |      93 |       6 |   6.1 |      20 |       3 |  13.0
        D:3 |      99 |       0 |   0.0 |      12 |       0 |   0.0
        D:4 |     247 |     129 |  34.3 |      24 |      18 |  42.9
        D:5 |     801 |     625 |  43.8 |      25 |       3 |  10.7
        D:6 |    1078 |     363 |  25.2 |      14 |      16 |  53.3
        D:7 |    1206 |       0 |   0.0 |      24 |       0 |   0.0
        D:8 |     651 |       7 |   1.1 |       9 |       4 |  30.8
        D:9 |    2215 |    2508 |  53.1 |      21 |      37 |  63.8
       D:10 |    2066 |       0 |   0.0 |      25 |       0 |   0.0
       D:11 |    4184 |       0 |   0.0 |      11 |       0 |   0.0
       D:12 |    6348 |    1662 |  20.7 |      37 |       3 |   7.5
       D:13 |    5870 |       0 |   0.0 |      17 |       0 |   0.0
       D:14 |    9813 |    6765 |  40.8 |      25 |      11 |  30.6
       D:15 |   12402 |    3587 |  22.4 |      32 |       6 |  15.8
     Lair:1 |    4143 |     579 |  12.3 |      18 |       3 |  14.3
     Lair:2 |    8812 |       0 |   0.0 |      28 |       0 |   0.0
     Lair:3 |    7107 |    3567 |  33.4 |      28 |       4 |  12.5
     Lair:4 |    4580 |    2610 |  36.3 |      14 |       7 |  33.3
     Lair:5 |   14300 |    8536 |  37.4 |      55 |      38 |  40.9
    Swamp:1 |    8482 |     249 |   2.9 |      13 |       2 |  13.3
   Spider:1 |   10685 |    1913 |  15.2 |      25 |       1 |   3.8
   Spider:2 |    7730 |       0 |   0.0 |      16 |       0 |   0.0
   Spider:3 |   17973 |    2206 |  10.9 |      41 |       1 |   2.4
      Orc:1 |     486 |    2442 |  83.4 |      15 |      13 |  46.4
      Orc:2 |    2636 |   14975 |  85.0 |      48 |      37 |  43.5
      Sewer |       0 |     130 | 100.0 |       0 |       2 | 100.0
            +---------+---------+-------+---------+---------+-------
